 Dungeon Crawl Stone Soup version 0.28-a0-519-gbfeecf2fc5 (webtiles) character file.

Game seed: 11598913560874681816

75 avis the Insei (level 4, -3/31 HPs)
             Began as an Octopode Transmuter on Sept 24, 2021.
             Slain by Sigmund (6 damage)
             ... on level 3 of the Dungeon.
             The game lasted 00:14:00 (2644 turns).

avis the Insei (Octopode Transmuter)                Turns: 2644, Time: 00:14:00

Health: -3/31      AC:  1    Str: 10    XL:     4   Next: 31%
Magic:  6/7        EV: 13    Int: 15    God:
Gold:   145        SH:  0    Dex: 12    Spells: 3/7 levels left

rFire   . . .      SeeInvis .     - Unarmed
rCold   . . .      Faith    .   (no shield)
rNeg    . . .      Spirit   .   (helmet restricted)
rPois   .          Reflect  .   (no amulet)
rElec   .          Harm     .   o - ring of flight
rCorr   .          Rampage  .   (no ring)
Will    .....                   (no ring)
Stlth   ++........              (no ring)
HPRegen 0.10/turn               (no ring)
MPRegen 0.10/turn               (no ring)
                                (no ring)
                                (no ring)

@: confused, brilliant, attractive, flying, hasted, very quick
A: almost no armour, amphibious, 8 rings, camouflage 1, gelatinous body 1,
(nimble swimmer 1), tentacles
a: no special abilities


You were on level 3 of the Dungeon.
You visited 1 branch of the dungeon, and saw 3 of its levels.

You collected 145 gold pieces.

Inventory:

Hand Weapons
 b - a +0 hunting sling
 l - a +0 long sword
 m - a +0 short sword
 x - a +0 spear
Missiles
 a - 23 arrows
 d - 19 poisoned darts (quivered)
 f - 22 sling bullets
 p - 50 stones
Jewellery
 o - a ring of flight (left tentacle)
Scrolls
 c - a scroll of immolation {unknown}
 e - a scroll of enchant armour {unknown}
 j - a scroll of identify {unknown}
 k - a scroll of magic mapping {unknown}
 n - a scroll of fog {unknown}
Potions
 h - 2 potions of haste


   Skills:
 - Level 3.0 Fighting
 - Level 2.0 Dodging
 - Level 2.0 Stealth
 - Level 3.0 Unarmed Combat
 * Level 2.2 Spellcasting
 - Level 2.0 Transmutations
 - Level 2.0 Poison Magic


You had 3 spell levels left.
You knew the following spells:

 Your Spells              Type           Power      Damage    Failure   Level
a - Beastly Appendage     Tmut           22%        N/A       10%         1
p - Spider Form           Tmut/Pois      5%         N/A       28%         3

Your spell library contained the following spells:

 Spells                   Type           Power      Damage    Failure   Level
 Wereblood                Tmut           11%        N/A       14%         2
 Ice Form                 Ice/Tmut       6%         N/A       82%         4


Dungeon Overview and Level Annotations

Branches:
Dungeon (3/15)

Altars:

Annotations:
D:3 Sigmund


Innate Abilities, Weirdness & Mutations

You cannot wear most types of armour.
You are amphibious.
You can wear up to eight rings at the same time.
Your skin changes colour to match your surroundings (Stealth+).
Your rubbery body absorbs attacks. (AC +1, EV +1)
((You are camouflaged near water. (Stealth+)))
You have tentacles for arms and can constrict up to eight enemies at once.


Message History

You fly downwards.
There is a stone staircase leading up here.
The helpless rat fails to defend itself.
You bite the rat!
You kill the rat!
Sigmund the Dreaded comes into view.
He is wielding a +0 scythe.
Sigmund gestures at you while chanting.
You are confused.
You see here a rat corpse.
Your transformation is almost over.
You bump into the rock wall.
You bump into the rock wall.
Sigmund closely misses you.
Sigmund points at you and mumbles some strange words.
You are more confused.
Sigmund misses you.
Sigmund laughs darkly.
Sigmund hits you from afar with a +0 scythe.
Sigmund points at you and mumbles some strange words.
You are more confused.
You barely miss Sigmund. Sigmund closely misses you.
You hit Sigmund.
Sigmund is lightly wounded.
You hit Sigmund.
Sigmund is poisoned.
Sigmund is moderately wounded.
Your transformation has ended.
Sigmund gestures wildly while chanting.
Sigmund flickers and vanishes!
Deactivating autopickup; reactivate with Ctrl-A.
You're too confused to move!
Something hits you! Something hits you.
It was a potion of haste.
You feel yourself speed up.
It was a potion of brilliance.
You feel clever all of a sudden. Something hits you!
* * * LOW HITPOINT WARNING * * *
It was a potion of attraction.
You feel attractive to monsters. Something is attracted toward you.
Something hits you.
You die...

## .# .#
#####.
#...§# #
#.##{##.#
#...@...#
#.†#....#
#<.####.#
##.# ...
#.# ###
#.# #.#
..# ###


There were no monsters in sight!

Vanquished Creatures
  A hound zombie (D:2)
  A hound skeleton (D:2)
  A dart slug (D:2)
  2 ball pythons (D:2)
  2 bat zombies (D:2)
  8 endoplasms
  A giant cockroach (D:1)
  2 hobgoblins (D:2)
  5 jackals (D:2)
  2 quokkas (D:2)
  3 ball python skeletons (D:2)
  A bat (D:2)
  2 frilled lizards
  4 goblins
  5 kobolds
  A quokka skeleton (D:2)
  2 rats
43 creatures vanquished.

Vanquished Creatures (others)
  4 withered plants (D:2)
4 creatures vanquished.

Grand Total: 47 creatures vanquished

Notes
Turn   | Place    | Note
-------+----------+-------------------------------------------
     0 | D:1      | avis the Octopode Transmuter began the quest for the Orb.
     0 | D:1      | Reached XP level 1. HP: 13/13 MP: 3/3
   441 | D:1      | Reached XP level 2. HP: 14/19 MP: 3/5
   719 | D:1      | Reached skill level 1 in Stealth
  1466 | D:2      | Reached skill level 1 in Poison Magic
  1553 | D:2      | Reached XP level 3. HP: 23/24 MP: 4/6
  1559 | D:2      | Learned a level 3 spell: Spider Form
  1883 | D:2      | Reached XP level 4. HP: 26/30 MP: 5/7
  2297 | D:2      | Found a faded altar of an unknown god.
  2627 | D:3      | Noticed Sigmund
  2644 | D:3      | Slain by Sigmund

Illustrated notes

Levels and vault maps discovered:
D:1:      psy_arrival_radial01, layout_loops_ring,
          chequers_serial_rivers_micro_d
D:2:      layout_loops_ring, serial_undead, serial_undead_f, serial_undead_e,
          serial_undead_e, serial_undead_e, serial_undead_c, serial_undead_e,
          serial_undead_a, shapermc_ecumenical_altar_venn, minmay_misc_feat_x,
          minmay_pentomino_q2
D:3:      layout_basic, mainiacjoe_overflow_alcove_4, uniq_sigmund

Skill      XL: |  1  2  3  4 |
---------------+-------------+-----
Fighting       | 2 3 |  3.0
Stealth        | 2 |  2.0
Poison Magic   | 1 2 |  2.0
Dodging        | |  2.0
Unarmed Combat | |  3.0
Spellcasting   | |  2.2
Transmutations | |  2.0

Action                   |  1- 3 |  4- 6 || total
-------------------------+-------+-------++-------
Melee: Unarmed           |    74 |    29 ||   103
       Tentacles         |    17 |       ||    17
       Kick              |    13 |     3 ||    16
       Constrict         |    16 |     6 ||    22
       Punch             |     1 |       ||     1
 Cast: Beastly Appendage |    24 |     6 ||    30
       Spider Form       |       |     2 ||     2
  Use: Potion            |       |     3 ||     3
 Stab: Sleeping          |     9 |     7 ||    16
       Distracted        |     1 |       ||     1
Armor: Skin              |     8 |       ||     8
Dodge: Dodged            |    41 |    20 ||    61

Table legend: (Time is in decaauts)
 A = Elapsed time spent in this place.
 B = Non-inter-level travel time spent in this place.
 C = Inter-level travel time spent in this place.
 D = Time resting spent in this place.
 E = Time spent auto-exploring this place.
 F = Levels seen in this place.
 G = Mean time per level.
                   A        B        C        D        E       F      G
               +--------+--------+--------+--------+--------+-----+--------+
         Total |   2640 |   2458 |    182 |    796 |   1128 |   3 |  880.0 |
       Dungeon |   2640 |   2458 |    182 |    796 |   1128 |   3 |  880.0 |
               +--------+--------+--------+--------+--------+-----+--------+

Top non-repeatable levels by time:
     D:1: 1358 daAuts
     D:2: 1240 daAuts
     D:3: 41 daAuts
